Map: Dusk Towers

Players

ZoeyRallie

  • Race: Zerg Zerg

A.I. 1 (Elite)

  • Race: Protoss Protoss

VOD

Have the link to the VOD?

Description

Time

  • Played on: Dec. 15, 2015, 2:21 p.m.
  • Length: 9:04
Show
View Real Time Build Order
Export as new Build Order

ZoeyRallie Zerg 

Build Orders: Hatch First 

Get SALT Encoding   

  1  0:00  Lair, Drone x12, Overlord  
  12  0:17  Drone  
  13  0:27  Overlord  
  13  0:32  Drone  
  14  0:45  Drone x2  
  16  0:51  Drone  
  17  1:12  Hatchery, Drone  
  17  1:22  Drone  
  18  1:27  Drone, Extractor  
  18  1:34  Spawning Pool  
  17  1:42  Drone  
  17  1:46  Drone  
  19  1:54  Overlord  
  19  2:05  Drone  
  20  2:22  Zergling x2  
  21  2:23  Queen  
  21  2:24  Queen  
  25  2:30  Zergling x2  
  25  2:31  Metabolic Boost  
  25  2:37  Drone x3  
  29  2:45  Drone  
  30  2:51  Drone  
  31  3:00  Queen  
  31  3:02  Overlord  
  33  3:06  Drone  
  33  3:10  Drone  
  33  3:11  Drone  
  36  3:22  Drone x2  
  37  3:32  Drone  
  37  3:36  Drone  
  37  3:37  Drone x5  
  43  3:42  Roach Warren  
  43  3:43  Drone  
  43  3:57  Hatchery  
  43  3:59  Extractor  
  43  4:02  Overlord  
  41  4:06  Drone  
  41  4:07  Drone, Extractor  
  42  4:13  Drone  
  42  4:15  Overlord  
  43  4:23  Zergling x10  
  48  4:30  Drone x2  
  50  4:39  Roach  
  50  4:40  Roach x3  
  50  4:42  Overlord  
  50  4:43  Overlord  
  58  4:56  Zergling x2  
  58  4:57  Overlord  
  58  4:59  Queen  
  59  5:04  Drone x3  
  64  5:14  Drone  
  64  5:15  Drone x5  
  70  5:27  Drone x4  
  70  5:28  Drone  
  75  5:37  Evolution Chamber  
  75  5:40  Evolution Chamber  
  75  5:42  Drone x3  
  76  5:44  Lair  
  76  5:51  Drone  
  76  5:52  Drone x5, Extractor  
  76  5:57  Overlord x2  
  81  6:06  Zerg Missile Weapons Level 1, Zerg Ground Armor Level 1  
  81  6:09  Drone x2  
  83  6:13  Extractor  
  83  6:18  Zergling x8, Extractor  
  83  6:19  Zergling x2  
  83  6:22  Drone  
  87  6:29  Roach x5  
  87  6:30  Overlord, Roach x2  
  101  6:39  Overlord  
  101  6:44  Roach  
  101  6:45  Roach  
  105  6:53  Overlord, Roach  
  105  6:54  Roach x3  
  113  6:59  Spire  
  112  7:03  Roach x3  
  112  7:04  Roach  
  112  7:05  Overlord x2  
  120  7:17  Roach x3  
  120  7:21  Roach  
  128  7:24  Overlord, Zergling x6  
  128  7:25  Zergling x8  
  135  7:36  Roach x3  
  141  7:43  Roach x2  
  141  7:44  Roach  
  147  7:50  Overlord x2  
  147  7:59  Overlord x6  
  147  8:00  Overlord  
  147  8:10  Zergling x6  
  147  8:11  Zergling x2  
  150  8:20  Ravager  
  150  8:21  Ravager x6  
  150  8:25  Zergling x2  
  154  8:27  Zergling x16  
  154  8:29  Roach  
  154  8:32  Mutalisk  
Show
View Real Time Build Order
Export as new Build Order

A.I. 1 (Elite) Protoss 

Build Orders: Zealot Archon 

Get SALT Encoding   

  1  0:00  Probe x12 (Chrono Boost)  
    0:09  Unknown  
  12  0:16  Probe (Chrono Boost)  
  13  0:26  Probe (Chrono Boost)  
  14  0:37  Probe (Chrono Boost)  
  14  0:38  Pylon  
  16  0:57  Probe (Chrono Boost)  
  16  1:07  Probe (Chrono Boost)  
  17  1:18  Probe (Chrono Boost), Nexus  
  18  1:27  Gateway  
  18  1:33  Assimilator  
  18  1:40  Pylon  
  18  1:41  Probe (Chrono Boost)  
  19  1:52  Probe (Chrono Boost)  
  20  2:02  Probe (Chrono Boost)  
  21  2:14  Cybernetics Core, Zealot  
  21  2:19  Gateway  
  21  2:21  Probe (Chrono Boost)  
  24  2:30  Probe (Chrono Boost)  
  24  2:31  Pylon  
  25  2:38  Zealot  
  25  2:43  Warp Gate  
  27  2:44  Assimilator  
  27  2:49  Probe (Chrono Boost)  
  28  2:52  Probe (Chrono Boost)  
  29  3:03  Adept  
  29  3:04  Adept  
  33  3:20  Robotics Facility  
  33  3:23  Probe (Chrono Boost)  
  34  3:28  Adept  
  34  3:34  Adept  
  38  3:47  Probe (Chrono Boost), Pylon  
  39  3:53  Adept  
  41  3:59  Sentry  
  43  4:09  Immortal  
  47  4:21  Pylon  
  47  4:30  Gateway  
  47  4:39  Gateway  
  47  4:44  Adept  
  49  4:48  Adept  
  51  5:01  Adept  
  51  5:06  Adept  
  55  5:19  Stalker  
  57  5:23  Stalker  
  57  5:24  Adept  
  57  5:28  Pylon  
  61  5:35  Stalker  
  63  5:41  Stalker  
  65  5:48  Zealot  
  67  6:00  Twilight Council  
  67  6:19  Pylon  
  67  6:39  Templar Archives  
  67  6:53  Forge  
  67  7:01  Forge  
  67  7:05  Stalker  
  69  7:15  High Templar x2  
  71  7:19  Observer  
  71  7:22  Archon  
  74  7:34  Pylon  
  74  7:47  High Templar  
  76  8:00  Photon Cannon  
  76  8:08  Pylon, Zealot x3  
  82  8:16  High Templar  
  83  8:21  Archon  
  83  8:26  Zealot x2  
  87  8:27  Zealot  
  87  8:28  Pylon  
  43  8:45  Zealot, High Templar  
  43  8:46  Zealot  
Tags
 
Add a new tag
Caveats
  • Supply blocks, unpowered buildings, or Contaminate may cause inaccurate times.
  • Supply counts are checked every 10 seconds.